 Dungeon Crawl Stone Soup version 0.25.0-41-g26779e291d (webtiles) character file.

Game seed: 2936405248909306167

123 Aviak the Firebug (level 4, 0/33 HPs)
             Began as a Demonspawn Fire Elementalist on July 10, 2020.
             Slain by a hobgoblin
             ... wielding a +0 club
              (4 damage)
             ... on level 2 of the Dungeon.
             The game lasted 00:03:32 (2626 turns).

Aviak the Firebug (Demonspawn Fire Elementalist)    Turns: 2626, Time: 00:03:33

Health: 0/33       AC:  2    Str:  8    XL:     4   Next: 79%
Magic:  0/8        EV: 12    Int: 17    God:
Gold:   93         SH:  0    Dex: 14    Spells: 7/8 levels left

rFire    . . .     SeeInvis .   h - +2 short sword (protect)
rCold    . . .     Gourm    .   (no shield)
rNeg     . . .     Faith    .   a - +0 robe
rPois    .         Spirit   .   (helmet restricted)
rElec    .         Reflect  .   (no cloak)
rCorr    .         Harm     .   (no gloves)
MR       .....                  (no boots)
Stlth    ++........             (no amulet)
HPRegen  0.11/turn              (no ring)
MPRegen  0.11/turn              (no ring)

@: no status effects
A: antennae 1, powered by death 1
a: no special abilities


You were on level 2 of the Dungeon.
You were not hungry.

You visited 1 branch of the dungeon, and saw 3 of its levels.

You collected 93 gold pieces.

Inventory:

Hand Weapons
 b - a +0 short sword
 h - a +2 short sword of protection (weapon)
Armour
 a - a +0 robe (worn)
Jewellery
 e - an uncursed ring of ice
Scrolls
 g - a scroll of amnesia {unknown}
 i - a scroll of remove curse {unknown}
Potions
 f - a potion of heal wounds {unknown}
 j - a potion of magic {unknown}
Comestibles
 d - 4 rations


   Skills:
 + Level 2.0 Fighting
 - Level 1.7 Dodging
 - Level 1.7 Stealth
 + Level 2.9 Spellcasting
 + Level 2.4 Conjurations
 + Level 3.3 Fire Magic


You had 7 spell levels left.
You knew the following spells:

 Your Spells              Type           Power        Failure   Level  Hunger
a - Foxfire               Conj/Fire      ##..         5%          1    #......

Your spell library contained the following spells:

 Spells                   Type           Power        Failure   Level  Hunger
 Conjure Flame            Conj/Fire      ##......     16%         3    ###....
 Inner Flame              Hex/Fire       #.......     26%         3    ###....
 Sticky Flame             Conj/Fire      ##......     47%         4    #####..
 Fireball                 Conj/Fire      ##........   83%         5    ######.


Dungeon Overview and Level Annotations

Branches:
Dungeon (3/15)

Altars:
Nemelex Xobeh


Innate Abilities, Weirdness & Mutations

You have a pair of small antennae on your head.
You regenerate a little health from kills.


Message History

* * * LOW HITPOINT WARNING * * *
You climb upwards.
There is a stone staircase leading down here.
Unknown command.
Unknown command.
Unknown command.
The hobgoblin hits you but does no damage.
Casting: Foxfire (safe; 5% risk of failure)
Confirm with . or Enter, or press ? or * to list all spells.
You conjure some foxfire!
The foxfire hits the hobgoblin.
The hobgoblin is severely wounded.
The foxfire hits the hobgoblin.
You kill the hobgoblin!
Things that are here:
a stone; a +0 whip
Casting: Foxfire (safe; 5% risk of failure)
Confirm with . or Enter, or press ? or * to list all spells.
You conjure some foxfire!
The hobgoblin hits you with a +0 club.
You die...

.# #.###.# #..# .# #.# #.#
#####..# .###.###.# #......#
.##...##.# ####.##...#####
....#....# #.............#
###..>#### #.##.##...###.#
####.##############.##.###.## #.#
...........).....v..##.###.# #.#
..........#..##.@v.........# ##.#
###.#####.#..##g######.#######..#
#.............# #.# #....
###.###.#...### #.#######..#
##.##..#..>##### #.......#.##
##...⌠.⌠........##########.#.#
##.##.._..............# #.#.#
##.####⌠.⌠###.###.####.# #.#.#
...#####..# #.# #.# #.#####.#.#


You could see a hobgoblin.

Vanquished Creatures
  4 gnolls (D:2)
  2 adders (D:3)
  A worm (D:2)
  3 leopard geckos
  3 orcs (D:3)
  7 bats
  A giant cockroach (D:1)
  4 goblins
  5 hobgoblins
  10 jackals
  8 kobolds
  A frilled lizard (D:1)
  5 rats
54 creatures vanquished.

Vanquished Creatures (others)
  87 foxfires
87 creatures vanquished.

Grand Total: 141 creatures vanquished

Notes
Turn   | Place    | Note
-------+----------+-------------------------------------------
     0 | D:1      | Aviak the Demonspawn Fire Elementalist began the quest for
                  | the Orb.
     0 | D:1      | Reached XP level 1. HP: 13/13 MP: 3/3
   349 | D:1      | Gained mutation: You have a pair of small antennae on your
                  | head. [demonic ancestry]
   349 | D:1      | Reached XP level 2. HP: 20/20 MP: 0/5
   831 | D:1      | Reached skill level 1 in Fighting
   831 | D:1      | Reached skill level 3 in Fire Magic
  1057 | D:1      | Gained mutation: You regenerate a little health from kills.
                  | [demonic ancestry]
  1057 | D:1      | Reached XP level 3. HP: 26/26 MP: 6/6
  1843 | D:2      | Reached XP level 4. HP: 32/32 MP: 3/8
  2169 | D:2      | Found a sparkling altar of Nemelex Xobeh.
  2626 | D:2      | Slain by a hobgoblin

Illustrated notes

Levels and vault maps discovered:
D:1:      minmay_arrival_checkered_box, layout_basic
D:2:      layout_loops_ring, nemelex_xobeh_ov_fountains_minmay
D:3:      layout_rooms

Skill      XL: |  1  2  3  4 |
---------------+-------------+-----
Fighting       | 1 2 |  2.0
Fire Magic     | 3 |  3.3
Conjurations   | 2 |  2.4
Dodging        | |  1.7
Stealth        | |  1.7
Spellcasting   | |  2.9

Action                   |  1- 3 |  4- 6 || total
-------------------------+-------+-------++-------
Melee: Unarmed           |     8 |       ||     8
       Short sword       |    59 |    57 ||   116
 Cast: Foxfire           |    34 |    23 ||    57
  Use: Potion            |       |     2 ||     2
 Stab: Sleeping          |     1 |     1 ||     2
       Distracted        |       |     1 ||     1
  Eat: Chunk             |     3 |     3 ||     6
Armor: Robe              |    19 |    44 ||    63
Dodge: Dodged            |    66 |    76 ||   142
